 Dungeon Crawl Stone Soup version 0.30-a0-368-g86fb4627a9 (webtiles) character file.

Game seed: 6134248308936804478

136 Anamonty the Vexing (level 5, -2/41 HPs)
             Began as a Barachi Hexslinger on Nov 19, 2022.
             Killed by divine providence
             ... invoked by an orc priest
              (14 damage)
             ... on level 3 of the Dungeon.
             The game lasted 00:05:53 (1910 turns).

Anamonty the Vexing (Barachi Hexslinger)            Turns: 1910, Time: 00:05:54

Health: -2/41      AC:  3    Str: 11    XL:     5   Next: 19%
Magic:  7/8        EV: 12    Int: 14    God:
Gold:   176        SH:  0    Dex: 14    Spells: 7/8 levels left

rFire   . . .      SeeInvis .    j - +1 short sword (speed)
rCold   . . .      Faith    .    (no shield)
rNeg    . . .      Spirit   .    r - +0 leather armour
rPois   .          Reflect  .    (no helmet)
rElec   .          Harm     .    (no cloak)
rCorr   .          Rampage  .    (no gloves)
Will    .....                    (no boots)
Stlth   +.........               (no amulet)
HPRegen 0.26/turn                (no ring)
MPRegen 0.11/turn                (no ring)

@: slow
A: amphibious, slowness 1, strong legs 1, +LOS
a: Hop


You were on level 3 of the Dungeon.
You visited 1 branch of the dungeon, and saw 3 of its levels.

You collected 176 gold pieces.

Inventory:

Hand Weapons
 a - a +1 sling
 j - a +1 short sword of speed (weapon)
 s - a +0 arbalest
 t - a +2 hand axe of flaming
Armour
 c - a +0 robe
 r - a +0 leather armour (worn)
Jewellery
 o - a ring of fire
Scrolls
 b - 2 scrolls of poison
 d - a scroll of fear {unknown}
 e - a scroll of vulnerability {unknown}
 f - a scroll of amnesia {unknown}
 g - a scroll of summoning {unknown}
 h - a scroll of immolation {unknown}
 m - a scroll of noise {unknown}
Potions
 i - a potion of ambrosia {unknown}
 k - a potion of magic {unknown}
 l - a potion of attraction {unknown}
 n - a potion of heal wounds {unknown}
 p - 2 potions of curing {unknown}
 q - a potion of berserk rage {unknown}


   Skills:
 * Level 3.2 Fighting
 * Level 3.1 Ranged Weapons
 + Level 3.0 Dodging
 + Level 2.0 Spellcasting
 + Level 3.8 Hexes


You had 7 spell levels left.
You knew the following spells:

 Your Spells              Type           Power      Damage    Failure   Level
a - Slow                  Hex            48%        N/A       6%          1

Your spell library contained the following spells:

 Spells                   Type           Power      Damage    Failure   Level
 Inner Flame              Hex/Fire       6%         N/A       38%         3
 Portal Projectile        Hex/Tloc       12%        N/A       38%         3
 Cause Fear               Hex            6%         N/A       54%         4


Dungeon Overview and Level Annotations

Branches:
Dungeon (3/15)

Altars:


Innate Abilities, Weirdness & Mutations

You are amphibious.
You cover ground slowly.
You can hop short distances.
You have an extended range of vision and can be seen from far away.


Message History

The orc priest shouts!
You shoot a bolt. The bolt hits the orc priest!
The orc priest is almost dead.
You hear a shout!
An orc comes into view. It is wielding a +0 flail.
The orc priest looks satisfied for a moment.
You shoot a bolt. The bolt closely misses the orc.
The orc priest looks encouraged for a moment.
The orc priest looks braver for a moment.
You shoot a bolt. The bolt hits the orc.
The orc is heavily wounded.
The orc closely misses you.
The orc priest miscasts a cantrip.
The orc misses you.
You shoot a bolt. The bolt hits the orc!
You kill the orc!
The orc priest invokes the aid of Beogh against you.
Beogh smites you!
Your Spellcasting skill increases to level 2!
You shoot a bolt. The bolt closely misses the orc priest.
The orc priest looks encouraged for a moment.
You shoot a bolt.
The bolt hits the orc priest but does no damage.
The orc priest is severely wounded.
The orc priest mumbles some strange prayers to Beogh against you.
Beogh smites you!
You shoot a bolt. The bolt barely misses the orc priest.
You shoot a bolt. The bolt closely misses the orc priest.
The orc priest invokes the aid of Beogh against you.
Pain shoots through your body!
The orc priest mumbles some strange prayers to Beogh against you.
Beogh smites you!
* * * LOW HITPOINT WARNING * * *
Your hands tingle!
j - a +1 short sword of speed (weapon)
You completely miss the orc priest.
The orc priest is severely wounded.
The orc priest calls down the wrath of Beogh upon you.
Beogh smites you!
You die...

.######.########.####.#
........###### #.####)#
.......'....# #.....<#
.......####.###......#
.............)).[...#
####.....#..)......#
#..>...#......)..#
#..############### #@.#
#o.# '..# ♣♣# ##..# ♣P)
...# ♣PP. .#.# ♣)♣P.
..#.# ♣)♣)P. ....# ♣♣♣#
#. ##


You could see an orc priest.

Vanquished Creatures
  2 orc priests (D:3)
  2 adders (D:2)
  A worm (D:2)
  2 dart slugs
  7 orcs (D:3)
  3 endoplasms
  A giant cockroach (D:3)
  4 goblins (D:2)
  7 hobgoblins
  3 jackals (D:2)
  3 kobolds
  2 quokkas (D:2)
  4 ball pythons
  2 bats
  3 frilled lizards (D:2)
  2 rats
48 creatures vanquished.

Vanquished Creatures (others)
  5 plants (D:2)
  12 withered plants (D:2)
17 creatures vanquished.

Grand Total: 65 creatures vanquished

Notes
Turn   | Place    | Note
-------+----------+-------------------------------------------
     0 | D:1      | Anamonty the Barachi Hexslinger began the quest for the
                  | Orb.
     0 | D:1      | Reached XP level 1. HP: 15/15 MP: 2/2
   220 | D:1      | Reached XP level 2. HP: 22/22 MP: 3/3
   822 | D:2      | Reached XP level 3. HP: 5/27 MP: 2/5
  1108 | D:2      | Found a faded altar of an unknown god.
  1305 | D:2      | Reached XP level 4. HP: 29/34 MP: 6/6
  1883 | D:3      | Reached XP level 5. HP: 41/41 MP: 7/7
  1910 | D:3      | Killed from afar by an orc priest

Illustrated notes

Levels and vault maps discovered:
D:1:      dpeg_arrival_line_fractal, layout_loops_cross
D:2:      layout_rooms, shapermc_ecumenical_altar_flowoftime,
          kennysheep_generic_room_9
D:3:      layout_basic, minitemple, wad_orctagon, uniq_crazy_yiuf_cottage

Skill      XL: |  1  2  3  4  5 |
---------------+----------------+-----
Fighting       | 2 3 |  3.2
Ranged Weapons | 3 |  3.1
Dodging        | 3 |  3.0
Spellcasting   | 2 |  2.0
Hexes          | |  3.8

Action                   |  1- 3 |  4- 6 || total
-------------------------+-------+-------++-------
Melee: Short sword       |    13 |    36 ||    49
 Fire: Sling             |   117 |    32 ||   149
       Arbalest          |       |    14 ||    14
 Cast: Slow              |    13 |     3 ||    16
 Abil: Hop               |     6 |     1 ||     7
Armor: Robe              |    12 |       ||    12
       Leather armour    |       |     4 ||     4
Dodge: Dodged            |    64 |    38 ||   102

Table legend: (Time is in decaauts)
 A = Elapsed time spent in this place.
 B = Non-inter-level travel time spent in this place.
 C = Inter-level travel time spent in this place.
 D = Time resting spent in this place.
 E = Time spent auto-exploring this place.
 F = Levels seen in this place.
 G = Mean time per level.
                   A        B        C        D        E       F      G
               +--------+--------+--------+--------+--------+-----+--------+
         Total |   2197 |   2120 |     77 |      0 |   1692 |   3 |  732.3 |
       Dungeon |   2197 |   2120 |     77 |      0 |   1692 |   3 |  732.3 |
               +--------+--------+--------+--------+--------+-----+--------+

Top non-repeatable levels by time:
     D:2: 918 daAuts
     D:1: 884 daAuts
     D:3: 395 daAuts
